 Dungeon Crawl Stone Soup version 0.20.0-6-gd3061e9 (webtiles) character file.

30989 greprep the Blocker (level 13, -1/113 HPs)
             Began as a Minotaur Fighter on May 28, 2017.
             Was a High Priest of Qazlal.
             Killed by divine providence
             ... invoked by a meliai
              (8 damage)
             ... on level 13 of the Dungeon.
             The game lasted 00:34:52 (16734 turns).

greprep the Blocker (Minotaur Fighter)             Turns: 16734, Time: 00:34:54

Health: -1/113     AC: 18    Str: 25    XL:     13   Next: 23%
Magic:  13/13      EV: 14    Int:  5    God:    Qazlal [*****.]
Gold:   806        SH: 21    Dex: 16    Spells: 12/12 levels left

rFire    + . .     SeeInvis .   O - +4 long sword (freeze)
rCold    . . .     Gourm    .   c - +0 shield
rNeg     + . .     Faith    .   C - +2 chain mail {rPois}
rPois    +         Spirit   .   (helmet restricted)
rElec    .         Reflect  .   E - +0 cloak
rCorr    .         Harm     .   (no gloves)
MR       .....                  u - +1 pair of boots of Hosu {Dex+5}
Stlth    ..........             V - amulet of regeneration
Regen    0.7/turn               s - ring of positive energy
MPRegen  0.2/turn               D - ring of protection from fire

@: repel missiles
A: retaliatory headbutt, horns 2
a: Upheaval, Elemental Force, Disaster Area, Renounce Religion


You were on level 13 of the Dungeon.
You worshipped Qazlal.
Qazlal was extremely pleased with you.
You were not hungry.

You visited 2 branches of the dungeon, and saw 15 of its levels.

You collected 806 gold pieces.

Inventory:

Hand Weapons
 B - a +3 trident
 O - a +4 long sword of freezing (weapon)
 R - a +1 long sword of draining
Armour
 c - a +0 shield (worn)
 u - the +1 pair of boots of Hosu (worn) {Dex+5}
   (You found it on level 4 of the Dungeon)

   It affects your dexterity (+5).
 C - a +2 chain mail of poison resistance (worn)
 E - a +0 cloak (worn)
Jewellery
 s - a ring of positive energy (left hand)
 D - a ring of protection from fire (right hand)
 V - an amulet of regeneration (around neck)
Wands
 a - a wand of paralysis (12/24)
 k - a wand of polymorph (11/24)
 n - a wand of confusion (15/48)
 o - a wand of flame (29/48)
 w - a wand of confusion (30/48)
 G - a wand of iceblast (6/15)
 H - a wand of polymorph (12/24)
 J - a wand of confusion (39/48)
 L - a wand of polymorph (12/24)
 Q - a wand of iceblast (4/15)
 U - a wand of iceblast (10/15)
Scrolls
 j - 2 scrolls of fear {unknown}
 l - 2 scrolls of fog {unknown}
 p - 2 scrolls of enchant armour {unknown}
 v - 4 scrolls of recharging
 x - 2 scrolls of noise {unknown}
 y - a scroll of magic mapping {unknown}
 z - 3 scrolls of enchant weapon
 F - 4 scrolls of remove curse {unknown}
 I - 3 scrolls of blinking {unknown}
 M - a scroll of summoning {unknown}
 S - 8 scrolls of identify
 T - 3 scrolls of amnesia
Potions
 b - 2 potions of flight
 i - 5 potions of curing
 q - 3 potions of might
 t - a potion of ambrosia
 A - a potion of agility
 P - a potion of resistance {unknown}
Books
 d - a book of Conjurations

   Spells                             Type                      Level
   a - Magic Dart                     Conjuration                  1
   b - Searing Ray                    Conjuration                  2
   c - Dazzling Spray                 Conjuration/Hexes            3
   d - Fulminant Prism                Conjuration/Hexes            4
   e - Force Lance                    Conjuration/Translocation    4
   f - Iskenderun's Mystic Blast      Conjuration                  4
 h - a book of Spatial Translocations

   Spells                             Type                      Level
   a - Blink                          Translocation                2
   b - Shroud of Golubria             Charms/Translocation         2
   c - Lesser Beckoning               Translocation                3
   d - Gell's Gravitas                Translocation                3
   e - Teleport Other                 Translocation                3
   f - Passage of Golubria            Translocation                4
 K - a book of Power

   Spells                             Type                      Level
   a - Iskenderun's Battlesphere      Conjuration/Charms           5
   b - Venom Bolt                     Conjuration/Poison           5
   c - Bolt of Magma                  Conjuration/Fire/Earth       5
   d - Iron Shot                      Conjuration/Earth            6
   e - Orb of Destruction             Conjuration                  7
   f - Spellforged Servitor           Conjuration/Summoning        7
Comestibles
 f - 12 bread rations
 g - 6 meat rations


   Skills:
 * Level 9.8 Fighting
 * Level 12.8 Long Blades
 - Level 7.2 Polearms
 * Level 12.2 Armour
 * Level 8.9 Dodging
 * Level 14.0 Shields
 * Level 2.2 Invocations


You had 12 spell levels left.
You didn't know any spells.

Dungeon Overview and Level Annotations

Branches:
Dungeon (14/15)            Temple (1/1) D:6            Lair (0/6) D:10
    Orc (0/2) D:9          Vaults (0/5) D:13

Altars:
Ashenzari
Cheibriados
Dithmenos
Elyvilon
Fedhas
Gozag
Hepliaklqana
Kikubaaqudgha
Makhleb
Nemelex Xobeh
Okawaru
Qazlal
Ru
Sif Muna
Trog
Uskayaw
Vehumet
Xom
Yredelemnul
Zin
The Shining One

Portals:
Trove: D:13 (give 17 potions of curing)

Annotations:
D:14 1 runed door


Innate Abilities, Weirdness & Mutations

You reflexively headbutt those who attack you in melee.
You have a pair of horns on your head.


Message History

The meliai is almost dead.
You block the meliai's attack. You block the meliai's attack. x2
The meliai mumbles some strange prayers to its god against you.
Something smites you!
* * * LOW HITPOINT WARNING * * *
The meliai calls upon its god to heal the meliai.
The meliai is healed somewhat.
The meliai completely misses you. You block the meliai's attack.
The meliai misses you.
You riposte.
You slash the meliai! You freeze the meliai.
You kill the meliai!
Qazlal accepts your kill.
A crimson imp comes into view.
The meliai invokes the aid of its god against you.
Something smites you!
* * * LOW HITPOINT WARNING * * *
The meliai invokes the aid of its god against you.
Something smites you!
You die...

##.#
#####.#.##.......>y....##
...#
#.#.##5.###.##.#.#.##
####
#.#.##..###.###...###
#####
#................#...
....#
###.....§...######.##
###.# ####..##### #.#
###.#### #§y# #.#
.......# #####.§# #.#
.##.##.# #..@...# #.#
.......# #.####.# #.#
(......### #.#
#.##########.# .........#
#.# #............#
......)#.# #.#
############.##
.......#.# #.# #...
.....###.#####.# #.##
.#..[..........# #.##
.....####.######
##########.##


You could see a meliai.

Vanquished Creatures
  2 hydras
  3 centaur warriors
  3 two-headed ogres
  The ghost of Iflex the Spear-Bearer, a novice HOFi of Beogh (D:9)
  5 skeletal warriors (D:13)
  A sea snake (shapeshifter) (D:13)
  2 deep elf magi
  A cyclops (D:11)
  Psyche (D:12)
  Joseph (D:8)
  Maurice (D:13)
  2 gargoyles
  A spiny frog (shapeshifter) (D:14)
  A yaktaur (D:14)
  A yaktaur (shapeshifter) (D:13)
  A merfolk (D:9)
  5 trolls
  5 slime creatures
  A meliai (D:13)
  4 hippogriffs
  Prince Ribbit (D:8)
  Sigmund (D:2)
  2 wraiths
  25 yaks
  2 vampires
  A wyvern (D:14)
  A shadow (D:12)
  A hungry ghost (D:10)
  A steam dragon (D:9)
  2 vampire mosquitoes (D:12)
  2 acid dragons
  7 orc warriors
  3 ice beasts
  A phantom (D:12)
  2 sky beasts
  A swamp drake (D:9)
  2 black bears
  5 ogres
  A crocodile (D:10)
  11 centaurs
  4 big kobolds
  A wyvern zombie (D:5)
  6 bullfrogs
  A gnoll sergeant (D:8)
  2 wyvern skeletons
  7 scorpions
  26 wights
  A howler monkey (shapeshifter) (D:13)
  An electric eel (D:14)
  A howler monkey (D:4)
  2 crimson imps
  3 centaur zombies
  2 quasits
  9 jellies
  3 bullfrog skeletons
  A bullfrog zombie (D:5)
  6 centaur skeletons
  9 orc priests
  Crazy Yiuf (D:6)
  7 hounds
  12 orc wizards
  6 iguanas
  10 worker ants
  7 gnolls
  19 adders
  A howler monkey skeleton (D:5)
  4 shadow imps
  8 oozes (D:3)
  2 adder skeletons
  5 worms
  2 dart slugs (D:1)
  6 leopard geckos
  48 orcs
  2 giant cockroaches (D:1)
  8 goblins
  7 hobgoblins
  9 jackals
  7 quokkas
  A ball python (D:1)
  7 bats
  4 frilled lizards
  A goblin skeleton (D:3)
  29 kobolds
  A leopard gecko zombie (D:8)
  8 rats
421 creatures vanquished.

Vanquished Creatures (collateral kills)
  A troll (D:14)
1 creature vanquished.

Vanquished Creatures (others)
  A human (D:6)
  A worker ant (D:6)
  An adder (D:3)
  An orc (D:6)
  A goblin (D:3)
  4 jackals (D:3)
  A rat (D:3)
  A fungus (D:3)
  6 toadstools (D:3)
17 creatures vanquished.

Grand Total: 439 creatures vanquished

Notes
Turn   | Place    | Note
-------+----------+-------------------------------------------
     0 | D:1      | greprep the Minotaur Fighter began the quest for the Orb.
     0 | D:1      | Reached XP level 1. HP: 19/19 MP: 0/0
   217 | D:1      | Reached XP level 2. HP: 24/27 MP: 1/1
   328 | D:1      | Found a glowing golden altar of the Shining One.
   595 | D:1      | Reached XP level 3. HP: 33/33 MP: 2/2
   898 | D:2      | Found a deep blue altar of Sif Muna.
  1028 | D:2      | Noticed Sigmund
  1042 | D:2      | Killed Sigmund
  1042 | D:2      | Reached skill level 5 in Armour
  1042 | D:2      | Reached skill level 1 in Dodging
  1042 | D:2      | Reached skill level 4 in Shields
  1042 | D:2      | Reached XP level 4. HP: 9/40 MP: 3/3
  1042 | D:2      | Reached XP level 5. HP: 10/46 MP: 4/4
  1742 | D:3      | Found a runed door.
  1742 | D:3      | Noticed a human
  1748 | D:3      | Found a basalt altar of Yredelemnul.
  1907 | D:3      | Reached XP level 6. HP: 44/53 MP: 5/5
  2645 | D:4      | Reached skill level 5 in Shields
  2645 | D:4      | Reached XP level 7. HP: 55/60 MP: 6/6
  2977 | D:4      | Got a pair of twisted boots
  2984 | D:4      | Identified the +1 pair of boots of Hosu {Dex+5} (You found it on level 4 of the Dungeon)
  3472 | D:5      | Entered Level 5 of the Dungeon
  3487 | D:5      | Reached skill level 1 in Polearms
  3571 | D:5      | Reached skill level 5 in Fighting
  3662 | D:5      | Reached skill level 6 in Shields
  3662 | D:5      | Reached XP level 8. HP: 65/68 MP: 7/7
  4376 | D:6      | Reached skill level 5 in Polearms
  4520 | D:6      | Found a staircase to the Ecumenical Temple.
  4610 | Temple   | Entered the Ecumenical Temple
  4733 | Temple   | Became a worshipper of Qazlal Stormbringer
  5203 | D:6      | Found a runed door.
  5221 | D:6      | Noticed Crazy Yiuf
  5225 | D:6      | Killed Crazy Yiuf
  5581 | D:7      | Reached XP level 9. HP: 63/74 MP: 8/8
  5664 | D:7      | Found a basalt altar of Yredelemnul.
  5701 | D:7      | Reached skill level 7 in Shields
  5761 | D:8      | Found a shattered altar of Ashenzari.
  5865 | D:8      | Noticed Joseph
  5876 | D:8      | Killed Joseph
  5876 | D:8      | Reached skill level 5 in Long Blades
  5876 | D:8      | Reached skill level 5 in Dodging
  5969 | D:8      | Noticed Prince Ribbit
  5978 | D:8      | Killed Prince Ribbit
  6154 | D:8      | Found a snail-covered altar of Cheibriados.
  6157 | D:8      | Found a shadowy altar of Dithmenos.
  6433 | D:8      | Reached * piety under Qazlal
  6437 | D:8      | Reached skill level 8 in Shields
  6647 | D:8      | Noticed a two-headed ogre
  7118 | D:8      | Killed a two-headed ogre
  7361 | D:8      | Reached XP level 10. HP: 83/83 MP: 9/9
  7525 | D:8      | Found a hide-covered altar of Uskayaw.
  7728 | D:9      | Noticed Iflex's ghost (novice HOFi)
  7835 | D:9      | Killed Iflex's ghost
  7835 | D:9      | Reached skill level 9 in Shields
  8294 | D:9      | Reached ** piety under Qazlal
  8728 | D:9      | Reached skill level 10 in Shields
  9106 | D:9      | Found a staircase to the Orcish Mines.
  9246 | D:9      | Reached *** piety under Qazlal
  9251 | D:10     | Entered Level 10 of the Dungeon
  9257 | D:10     | Reached skill level 10 in Armour
  9889 | D:10     | Found a staircase to the Lair.
 10033 | D:11     | Reached XP level 11. HP: 77/91 MP: 10/10
 10048 | D:11     | Noticed a seven-headed hydra
 10314 | D:10     | Killed a 14-headed hydra
 10806 | D:11     | Reached skill level 11 in Shields
 11028 | D:11     | Reached skill level 10 in Long Blades
 11234 | D:11     | Reached **** piety under Qazlal
 11714 | D:12     | Noticed a six-headed hydra
 11714 | D:12     | Noticed a centaur warrior
 11966 | D:11     | Killed an 11-headed hydra
 12376 | D:12     | Noticed Psyche
 12385 | D:12     | Killed Psyche
 12385 | D:12     | Reached skill level 12 in Shields
 12453 | D:12     | Killed a centaur warrior
 12489 | D:12     | Reached XP level 12. HP: 100/101 MP: 11/11
 12615 | D:12     | Reached ***** piety under Qazlal
 13034 | D:13     | Noticed Maurice
 13035 | D:13     | Found a portal to a secret trove of treasure.
 13039 | D:13     | Killed Maurice
 13109 | D:13     | Noticed a two-headed ogre
 13121 | D:13     | Killed a two-headed ogre
 13311 | D:13     | Reached skill level 13 in Shields
 13817 | D:13     | Reached skill level 1 in Invocations
 14626 | D:13     | Noticed a two-headed ogre
 14626 | D:13     | a slime creature changed into a two-headed ogre
 14627 | D:13     | a two-headed ogre changed into a water nymph
 15501 | D:13     | Noticed a centaur warrior
 15620 | D:13     | Killed a centaur warrior
 15679 | D:13     | Reached XP level 13. HP: 111/111 MP: 13/13
 15846 | D:13     | Found a gate to the Vaults.
 16319 | D:14     | Reached skill level 14 in Shields
 16327 | D:14     | Found a runed door.
 16734 | D:13     | Killed from afar by a meliai

Skill      XL: |  1  2  3  4  5  6  7  8  9 10 11 12 13 |
---------------+----------------------------------------+-----
Armour         | 4 5 6 7 9 10 11 12 | 12.2
Fighting       | 4 5 6 7 9 |  9.8
Long Blades    | 3 4 7 9 10 12 | 12.8
Dodging        | 1 2 3 4 5 7 8 |  8.9
Shields        | 4 5 6 8 10 12 13 14 | 14.0
Polearms       | 3 7 |  7.2
Invocations    | 1 2 |  2.2

Action                   |  1- 3 |  4- 6 |  7- 9 | 10-12 | 13-15 || total
-------------------------+-------+-------+-------+-------+-------++-------
Melee: Long sword        |   101 |   135 |   124 |   753 |   107 ||  1220
       Headbutt          |    19 |    18 |    94 |   242 |    39 ||   412
       Trident           |       |       |   243 |       |       ||   243
Invok: Elemental Force   |       |       |       |       |     1 ||     1
  Use: Potion            |     1 |       |       |     1 |     1 ||     3
       Scroll            |       |       |       |    15 |     2 ||    17
 Stab: Confused          |       |       |       |     1 |       ||     1
  Eat: Chunk             |       |     2 |     8 |     4 |     1 ||    15
       Meat ration       |       |     1 |       |     1 |       ||     2
       Bread ration      |       |       |     1 |     1 |       ||     2
       Fruit             |       |       |       |     5 |       ||     5
       Royal jelly       |       |       |       |     8 |     1 ||     9
Armor: Scale mail        |    35 |    50 |     9 |       |       ||    94
       Chain mail        |       |       |   157 |   206 |    27 ||   390
Dodge: Dodged            |    34 |    54 |   109 |   235 |    32 ||   464
       Deflected         |       |       |       |     9 |     1 ||    10
Block: Shield            |    42 |    77 |   184 |   644 |   127 ||  1074
       Rpst.: Long sword |     7 |    13 |    12 |    51 |     8 ||    91
